AoeStats
← ninghaochang

Black Forest

510251524Analyzed
4v4 RM · 1d ago on Sep 30, 2026· 58m 56s· 8 players
Game mode
Random Map
Map size
Large (8 player)
Population
200
Speed
Normal
Resources
Standard
Victory
Conquest
Starting age
Dark Age
Ending age
Imperial Age
RankedLock teamsTeams togetherTeam positionsShared explorationLock speedFull tech treeHidden civsTurbo modeCheats
Victory
Defeat
🇫🇷 Huns · France
1109
+12
🇦🇷 Mongols · Argentina
1100
+13
🇫🇷 Byzantines · France
949
+19
🇫🇷 Vietnamese · France
876
+21
🇲🇽 Turks · Mexico
1052
-18
🇲🇽 Bengalis · Mexico
1048
-18
🇲🇽 Georgians · Mexico
1019
-16
🇨🇳 Italians · China
937
-39
Mike Partlow
2:36 Loom
12:39 Feudal Age
13:41 Horse Collar
16:31 Castle Age
16:00 Double-Bit Axe
22:15 Fishing Lines
24:21 Gillnets
24:22 Loom
24:25 Town Watch
28:38 Wheelbarrow
28:04 Town Patrol
28:55 Scale Barding Armor
29:04 Forging
30:06 Chain Barding Armor
30:22 Hand Cart
32:54 Iron Casting
32:23 Heavy Plow
35:05 Imperial Age
36:27 Conscription
36:15 Aznauri Cavalry
35:31 Elite Monaspa
36:20 Svan Towers
37:22 Hoardings
39:01 Plate Barding Armor
39:31 Blast Furnace
39:21 Caravan
42:58 Crop Rotation
42:42 Bow Saw
42:27 Gold Mining
42:33 Stone Mining
46:37 Stone Shaft Mining
51:48 Masonry
54:58 Bloodlines
55:07 Husbandry
54:47 Light Cavalry
55:39 Hussar
57:40 Architecture
Josua_Deere
0:26 Loom
13:52 Feudal Age
18:04 Castle Age
16:32 Double-Bit Axe
16:30 Horse Collar
22:40 Heavy Plow
24:07 Wheelbarrow
23:22 Town Watch
24:02 Bow Saw
25:56 Gold Mining
29:37 Stone Mining
31:03 Gold Shaft Mining
33:10 Imperial Age
30:58 Hand Cart
31:29 Scale Barding Armor
31:35 Forging
31:57 Fortified Wall
31:44 Fletching
32:18 Ballistics
32:21 Caravan
33:00 Sipahi
32:45 Padded Archer Armor
33:06 Chain Barding Armor
33:01 Husbandry
33:12 Bloodlines
33:41 Thumb Ring
33:33 Heavy Cavalry Archer
33:51 Heavy Camel Rider
35:03 Conscription
35:06 Bodkin Arrow
35:27 Leather Archer Armor
35:49 Parthian Tactics
36:43 Bracer
37:19 Iron Casting
37:15 Ring Archer Armor
37:41 Artillery
38:49 Plate Barding Armor
42:24 Blast Furnace
50:23 Murder Holes
50:39 Masonry
Dr_muerte_23
10:20 Feudal Age
13:54 Double-Bit Axe
14:45 Fishing Lines
18:08 Castle Age
15:57 Loom
19:34 Bow Saw
19:27 Stone Mining
19:49 Gillnets
20:20 Gold Mining
20:14 Horse Collar
20:42 Fletching
20:53 Padded Archer Armor
20:59 Heavy Plow
23:59 Wheelbarrow
26:00 Hand Cart
25:31 Town Watch
26:26 Paiks
28:17 Fervor
28:28 Sanctity
29:54 Bloodlines
29:44 Husbandry
32:23 Imperial Age
31:34 Gold Shaft Mining
31:03 Town Patrol
31:48 Bodkin Arrow
32:12 Leather Archer Armor
32:10 Forging
32:06 Scale Barding Armor
32:54 Ballistics
32:47 Masonry
32:32 Murder Holes
34:12 Chemistry
33:25 Masonry
33:20 Elite Elephant Archer
34:34 Conscription
35:40 Iron Casting
35:06 Bracer
35:28 Chain Barding Armor
36:14 Two-Man Saw
36:33 Ring Archer Armor
36:26 Siege Engineers
38:10 Blast Furnace
37:11 Elite Ratha (Ranged)
39:16 Elite Battle Elephant
42:49 Caravan
44:34 Plate Barding Armor
43:41 Light Cavalry
45:09 Crop Rotation
45:12 Architecture
44:38 Murder Holes
48:29 Elite Skirmisher
53:54 Mahayana
56:34 Scale Mail Armor
ninghaochang
11:36 Feudal Age
12:56 Wheelbarrow
23:10 Castle Age
24:38 Hand Cart
31:17 Fletching
31:37 Forging
31:33 Scale Barding Armor
31:29 Scale Mail Armor
31:29 Padded Archer Armor
35:02 Imperial Age
33:02 Guard Tower
33:24 Clinker Construction
33:25 Careening
33:22 Siphons
33:28 Fortified Wall
33:29 Murder Holes
33:46 Fortified Wall
33:48 Masonry
37:05 Leather Archer Armor
36:46 Bodkin Arrow
37:27 Iron Casting
37:08 Chain Mail Armor
37:13 Chain Barding Armor
38:28 Treadmill Crane
41:19 Architecture
41:06 Elite Genoese Crossbowman
42:02 Pirotechnia
41:46 Man-at-Arms
42:28 Squires
42:14 Arson
42:45 Pikeman
42:46 Long Swordsman
44:01 Loom
44:02 Town Watch
44:17 Elite Skirmisher
44:18 Crossbowman
45:03 Thumb Ring
45:22 Two-Handed Swordsman
47:03 Arbalester
48:08 Silk Road
51:08 Husbandry
51:18 Bloodlines
50:29 Light Cavalry
50:29 Cavalier
54:06 Champion
Actiweed1
0:27 Loom
14:32 Feudal Age
15:50 Wheelbarrow
15:00 Horse Collar
15:09 Double-Bit Axe
15:51 Fishing Lines
22:47 Castle Age
21:31 Gold Mining
21:32 Stone Mining
24:08 Heavy Plow
24:05 Gillnets
24:33 Hand Cart
24:04 Town Watch
26:35 Bow Saw
30:13 Imperial Age
27:11 Elite Skirmisher
29:35 Fortified Wall
29:21 Murder Holes
28:51 Pikeman
29:33 Squires
30:27 Padded Archer Armor
30:17 Fletching
30:28 Scale Mail Armor
32:30 Two-Man Saw
32:32 Crop Rotation
32:25 Ballistics
33:03 Leather Archer Armor
33:04 Chain Mail Armor
32:59 Forging
33:16 Masonry
34:07 Bodkin Arrow
34:42 Ring Archer Armor
35:37 Chemistry
34:02 Imperial Skirmisher
35:35 Caravan
36:36 Bracer
38:17 Plate Mail Armor
38:08 Scale Barding Armor
38:40 Iron Casting
38:23 Thumb Ring
40:11 Halberdier
42:54 Paper Money
43:08 Elite Rattan Archer
50:05 Siege Engineers
49:51 Heated Shot
51:50 Treadmill Crane
54:16 Arson
56:26 Town Patrol
56:49 Guilds
57:10 Coinage
Suko
6:54 Loom
13:42 Feudal Age
18:49 Castle Age
16:51 Double-Bit Axe
18:14 Horse Collar
20:00 Bow Saw
29:02 Imperial Age
26:51 Heavy Plow
27:50 Pikeman
30:28 Wheelbarrow
29:30 Elite Skirmisher
33:34 Two-Man Saw
33:13 Conscription
34:51 Crop Rotation
36:07 Hand Cart
35:32 Imperial Skirmisher
36:19 Thumb Ring
36:36 Fletching
36:46 Padded Archer Armor
36:59 Forging
36:50 Scale Mail Armor
41:40 Bodkin Arrow
42:01 Leather Archer Armor
41:33 Halberdier
46:08 Squires
47:50 Chain Mail Armor
47:58 Elite Varangian Guard
52:24 Caravan
53:11 Gold Mining
53:11 Stone Mining
54:25 Iron Casting
54:21 Plate Mail Armor
54:22 Ring Archer Armor
55:09 Bracer
55:29 Capped Ram
57:15 Gold Shaft Mining
jawsy_
8:34 Loom
11:10 Feudal Age
15:42 Castle Age
16:36 Double-Bit Axe
16:35 Horse Collar
17:30 Bow Saw
17:24 Heavy Plow
22:36 Wheelbarrow
24:44 Gold Mining
26:32 Gold Shaft Mining
25:47 Stone Mining
29:58 Imperial Age
27:22 Fletching
27:32 Padded Archer Armor
27:43 Forging
27:39 Scale Barding Armor
28:42 Bodkin Arrow
29:02 Leather Archer Armor
29:12 Ballistics
29:27 Thumb Ring
29:51 Hand Cart
31:04 Bloodlines
30:54 Husbandry
30:15 Light Cavalry
32:30 Chemistry
31:32 Bracer
31:54 Chain Barding Armor
32:10 Iron Casting
31:22 Heavy Cavalry Archer
32:29 Parthian Tactics
34:03 Plate Barding Armor
33:18 Town Watch
33:40 Caravan
33:32 Hussar
37:21 Blast Furnace
40:08 Elite Skirmisher
42:03 Imperial Skirmisher
viber
1:04 Loom
12:38 Feudal Age
14:07 Double-Bit Axe
16:46 Castle Age
15:10 Fishing Lines
20:01 Horse Collar
21:27 Bow Saw
21:18 Heavy Plow
21:45 Gillnets
23:29 Wheelbarrow
23:42 Fortified Wall
24:38 Stone Mining
24:38 Gold Mining
25:34 Hand Cart
27:00 Stone Shaft Mining
27:00 Gold Shaft Mining
27:33 Gold Shaft Mining
30:46 Imperial Age
28:12 Fletching
28:23 Padded Archer Armor
28:50 Bodkin Arrow
29:51 Ballistics
30:44 Leather Archer Armor
30:39 Town Watch
31:08 Masonry
31:33 Bloodlines
31:24 Husbandry
30:51 Elite Mangudai
31:43 Caravan
32:04 Bracer
34:02 Chemistry
33:32 Drill
34:11 Siege Engineers
34:03 Murder Holes
34:43 Parthian Tactics
34:20 Onager
35:33 Conscription
35:38 Town Patrol
36:43 Thumb Ring
37:23 Hoardings
38:24 Siege Onager
38:26 Capped Ram
42:44 Siege Ram
Connection lost

Rejoining the realm…

Still unreachable

The connection could not be restored.

Session expired

The server has moved on; the page needs a fresh start.